 Dungeon Crawl Stone Soup version 0.29-a0-418-gc0181ea820 (webtiles) character file.

Game seed: 15200360157722582423

893 CowFu the Charlatan (level 8, -1/60 HPs)
             Began as a Gnoll Wanderer on May 17, 2022.
             Was a Follower of Ashenzari.
             Slain by a bullfrog (8 damage)
             ... on level 4 of the Dungeon.
             The game lasted 00:06:32 (3264 turns).

CowFu the Charlatan (Gnoll Wanderer)                Turns: 3264, Time: 00:06:33

Health: -1/60      AC:  8    Str: 12    XL:     8   Next: 6%
Magic:  12/12      EV: 15    Int:  9    God:    Ashenzari [*.....]
Gold:   51         SH:  5    Dex: 16    Spells: 12/12 levels left

rFire   + + .      SeeInvis .   b - +4 dagger of the Tethered God {elec, *Slow rF++, Fort, Melee} (curse)
rCold   . . .      Faith    .   c - +0 buckler
rNeg    . . .      Spirit   .   o - +3 leather armour of the Ensconced God {Cun, Evo} (curse)
rPois   .          Reflect  .   r - +0 helmet
rElec   .          Harm     +   n - scarf {harm}
rCorr   .          Rampage  .   (no gloves)
Will    .....                   p - +0 pair of boots
Stlth   ++........              (no amulet)
HPRegen 0.20/turn               m - ring of wizardry
MPRegen 0.13/turn               (no ring)

@: no status effects
A: fangs 1, strong nose, distributed training
a: Renounce Religion, Shatter the Chains


You were on level 4 of the Dungeon.
You worshipped Ashenzari.
Ashenzari was aware of your devotion.
You visited 1 branch of the dungeon, and saw 4 of its levels.

You collected 819 gold pieces.
You spent 768 gold pieces at shops.

Inventory:

Hand Weapons
 a - a +0 hand crossbow
 b - the cursed +4 dagger of the Tethered God (weapon) {elec, *Slow rF++, Fort, Melee}
   (You bought it in a shop on level 3 of the Dungeon)

   It occasionally discharges a powerful burst of electricity upon striking a
   foe.
   rF:        It greatly protects you from fire.
   *Slow:     It may slow you when you take damage.
   It has a curse which improves the following skills: Fortitude: Armour and
   Shields.
   Melee Combat: Short Blades, Long Blades, Axes, Maces & Flails, Polearms,
   Staves and Unarmed Combat.
 h - a +0 hand axe of flaming
 i - the +7 battleaxe "Emasch" {protect, Fly rPois rF++ rN+}
   (You bought it in a shop on level 3 of the Dungeon)

   It grants its wielder temporary protection when it strikes (+7 to AC).
   rF:        It greatly protects you from fire.
   rPois:     It protects you from poison.
   rN:        It protects you from negative energy.
   Fly:       It grants you flight.
 l - the +1 hand axe "Lipueh" {antimagic, *Rage Str+3 Dex+4}
   (You bought it in a shop on level 3 of the Dungeon)

   It reduces the magical energy of the wielder, and disrupts the spells and
   magical abilities of those it strikes.
   Natural abilities and divine invocations are not affected.
   Str:       It affects your strength (+3).
   Dex:       It affects your dexterity (+4).
   *Rage:     It berserks you when you make melee attacks (+20% chance).
 q - a +0 rapier
Armour
 c - a +0 buckler (worn)
 n - a scarf of harm (worn)
 o - the cursed +3 leather armour of the Ensconced God (worn) {Cun, Evo}
   (You found it on level 1 of the Dungeon)

   It has a curse which improves the following skills: Cunning: Dodging and
   Stealth.
   Evocations: Evocations.
 p - a +0 pair of boots (worn)
 r - a +0 helmet (worn)
Jewellery
 m - a ring of wizardry (left hand)
Scrolls
 d - 2 scrolls of fog
 v - a scroll of blinking
Potions
 f - 3 potions of degeneration
 g - a potion of berserk rage
 j - a potion of might
 k - 2 potions of lignification
 s - 2 potions of resistance
 t - a potion of cancellation
 u - a potion of flight


   Skills:
 + Level 3.9 Fighting
 + Level 2.9(3.6) Short Blades
 + Level 2.9(3.6) Long Blades
 + Level 2.9(3.6) Axes
 + Level 2.9(3.6) Maces & Flails
 + Level 2.9(3.6) Polearms
 + Level 2.9(3.6) Staves
 + Level 2.9 Slings
 + Level 2.9 Bows
 + Level 5.4 Crossbows
 + Level 2.9 Throwing
 + Level 2.9(3.6) Armour
 + Level 7.2(8.1) Dodging
 + Level 2.9(3.6) Stealth
 + Level 3.9(4.7) Shields
 + Level 2.9(3.6) Unarmed Combat
 + Level 2.9 Spellcasting
 + Level 2.3 Conjurations
 + Level 2.3 Hexes
 + Level 2.3 Summonings
 + Level 2.3 Necromancy
 + Level 2.3 Translocations
 + Level 2.3 Transmutations
 + Level 2.3 Fire Magic
 + Level 2.3 Ice Magic
 + Level 2.3 Air Magic
 + Level 2.3 Earth Magic
 + Level 2.3 Poison Magic
 + Level 3.2 Invocations
 + Level 7.2(8.1) Evocations


You had 12 spell levels left.
You didn't know any spells.
Your spell library was empty.

Dungeon Overview and Level Annotations

Branches:
Dungeon (4/15)
 Temple: D:4-7

Altars:
Ashenzari
Dithmenos
Trog
Xom
Zin

Shops:
D:3 *(


Innate Abilities, Weirdness & Mutations

You have very sharp teeth.
Your uncanny sense of smell can sniff out nearby items.
Your experience applies equally to all skills.


Message History

You feel yourself speed up.
The goblin shouts!
A kobold comes into view. It is wielding a +0 short sword.
A bullfrog comes into view.
The kobold shouts!
The bullfrog croaks.
You barely miss the kobold. You bite the kobold, but do no damage.
You block the kobold's attack.
You hit the kobold but do no damage. The kobold hits you but does no damage.
The goblin hits you but does no damage.
You closely miss the kobold. Your bite misses the kobold.
The kobold hits you with a +0 short sword.
* * * LOW HITPOINT WARNING * * *
The goblin misses you. The bullfrog barely misses you.
You hit the goblin.
The goblin is severely wounded.
You recover from your berserk rage.
The bullfrog hits you.
* * * LOW HITPOINT WARNING * * *
The kobold barely misses you. The goblin hits you with a +0 club.
* * * LOW HITPOINT WARNING * * *
You miss the kobold.
The bullfrog hits you but does no damage.
The kobold barely misses you. The goblin closely misses you.
You feel better. The bullfrog hits you.
* * * LOW HITPOINT WARNING * * *
The kobold hits you with a +0 short sword.
* * * LOW HITPOINT WARNING * * *
The bullfrog barely misses you. The goblin closely misses you.
You hit the goblin. Lightning courses through the goblin!
You kill the goblin!
The bullfrog closely misses you.
The kobold hits you with a +0 short sword.
* * * LOW HITPOINT WARNING * * *
You hit the kobold.
The kobold is severely wounded.
The bullfrog barely misses you.
You completely miss the kobold.
The kobold is severely wounded.
The bullfrog hits you!
You die...

...)####....#
.....##...#.##
.##..........#
.#...........##
........†.$...#
......†)......# .
...........!.### ##...
...............###......
...............)@K......
...........#.....F......
.........##..........##.
.........#..........##
...........#...#
.....########### ... ..


You could see a bullfrog and a kobold.

Vanquished Creatures
  Pikel (D:4)
  An ice beast (D:4)
  An ogre (D:2)
  2 lemures (D:4)
  2 scorpions (D:4)
  A gnoll shaman (D:4)
  Robin (D:2)
  3 gnolls (D:4)
  3 adders
  2 ufetubi (D:3)
  3 worms
  2 dart slugs (D:2)
  An endoplasm (D:1)
  A giant cockroach (D:3)
  12 goblins
  6 hobgoblins
  3 jackals (D:4)
  7 kobolds
  3 quokkas
  3 bats
  2 frilled lizards (D:2)
  2 rats (D:1)
62 creatures vanquished.

Notes
Turn   | Place    | Note
-------+----------+-------------------------------------------
     0 | D:1      | CowFu the Gnoll Wanderer began the quest for the Orb.
     0 | D:1      | CowFu set off with the following items: a +0 hand crossbow,
                  | a +2 leather armour, a +0 buckler, a scroll of fog
     0 | D:1      | Reached XP level 1. HP: 17/17 MP: 1/1
   804 | D:2      | Reached XP level 2. HP: 23/23 MP: 2/2
   911 | D:2      | Noticed Robin
  1399 | D:2      | Reached XP level 3. HP: 21/28 MP: 3/3
  1406 | D:2      | Killed Robin
  1407 | D:2      | Reached skill level 1 in Invocations
  1744 | D:2      | Noticed an ogre
  1754 | D:2      | Killed an ogre
  1755 | D:2      | Reached skill level 1 in Short Blades
  1755 | D:2      | Reached skill level 1 in Long Blades
  1755 | D:2      | Reached skill level 1 in Axes
  1755 | D:2      | Reached skill level 1 in Maces & Flails
  1755 | D:2      | Reached skill level 1 in Polearms
  1755 | D:2      | Reached skill level 1 in Staves
  1755 | D:2      | Reached skill level 1 in Slings
  1755 | D:2      | Reached skill level 1 in Bows
  1755 | D:2      | Reached skill level 1 in Throwing
  1755 | D:2      | Reached skill level 1 in Armour
  1755 | D:2      | Reached skill level 1 in Stealth
  1755 | D:2      | Reached skill level 1 in Unarmed Combat
  1755 | D:2      | Reached skill level 1 in Spellcasting
  1755 | D:2      | Reached skill level 1 in Conjurations
  1755 | D:2      | Reached skill level 1 in Hexes
  1755 | D:2      | Reached skill level 1 in Summonings
  1755 | D:2      | Reached skill level 1 in Necromancy
  1755 | D:2      | Reached skill level 1 in Translocations
  1755 | D:2      | Reached skill level 1 in Transmutations
  1755 | D:2      | Reached skill level 1 in Fire Magic
  1755 | D:2      | Reached skill level 1 in Ice Magic
  1755 | D:2      | Reached skill level 1 in Air Magic
  1755 | D:2      | Reached skill level 1 in Earth Magic
  1755 | D:2      | Reached skill level 1 in Poison Magic
  1755 | D:2      | Reached XP level 4. HP: 34/34 MP: 4/6
  1755 | D:2      | Reached XP level 5. HP: 40/40 MP: 4/7
  1856 | D:2      | Found a faded altar of an unknown god.
  2026 | D:2      | Prayed at the altar of an unknown god.
  2026 | D:2      | Became a worshipper of Ashenzari the Shackled
  2250 | D:3      | Identified a scroll of acquirement
  2250 | D:3      | Acquired 593 gold pieces
  2370 | D:3      | Found a bloodstained altar of Trog.
  2487 | D:3      | Found Fadixe Ziyc's Antique Weapon Shoppe.
  2494 | D:3      | Bought a steaming battleaxe for 333 gold pieces
  2494 | D:3      | Identified the +7 battleaxe "Emasch" {protect, Fly rPois
                  | rF++ rN+} (You bought it in a shop on level 3 of the
                  | Dungeon)
  2494 | D:3      | Bought a warped hand axe for 232 gold pieces
  2494 | D:3      | Identified the +1 hand axe "Lipueh" {antimagic, *Rage Str+3
                  | Dex+4} (You bought it in a shop on level 3 of the Dungeon)
  2494 | D:3      | Bought a brightly glowing dagger for 203 gold pieces
  2494 | D:3      | Identified the +4 dagger "Wonuxkiama" {elec, *Slow rF++}
                  | (You bought it in a shop on level 3 of the Dungeon)
  2553 | D:3      | Found a shadowy altar of Dithmenos.
  2593 | D:3      | Found Zin's Purification Station.
  2596 | D:3      | Found a glowing silver altar of Zin.
  2763 | D:3      | Reached * piety under Ashenzari
  3091 | D:4      | Noticed an ice beast
  3097 | D:4      | Killed an ice beast
  3098 | D:4      | Reached XP level 6. HP: 29/47 MP: 8/8
  3107 | D:4      | Reached skill level 5 in Crossbows
  3172 | D:4      | Noticed Pikel
  3206 | D:4      | Reached XP level 7. HP: 24/52 MP: 10/10
  3212 | D:4      | Killed Pikel
  3213 | D:4      | Reached XP level 8. HP: 20/60 MP: 10/12
  3238 | D:4      | Found a shimmering altar of Xom.
  3259 | D:4      | HP: 3/60 [goblin/+0 club (4)]
  3264 | D:4      | Slain by a bullfrog

Illustrated notes

Levels and vault maps discovered:
D:1:      shiori_arrival_elements, layout_basic, chequers_decorated_corner
D:2:      layout_loops_ring, shapermc_ecumenical_altar_mp_highgroup, uniq_robin
D:3:      layout_basic, nicolae_dithmenos_shadow_blocks, bloody_trog,
          zin_purify, serial_shops, shop
D:4:      layout_layer_cave, mainiacjoe_overflow_alcove_2,
          minmay_temple_entry_statues_fountains, portal_sewer_entry_b,
          uniq_crazy_yiuf_cottage, uniq_pikel, uniq_eustachio

Skill      XL: |  1  2  3  4  5  6  7 |
---------------+----------------------+-----
Invocations    | 1 2 3 |  3.2
Short Blades   | 1 2 |  2.9
Long Blades    | 1 2 |  2.9
Axes           | 1 2 |  2.9
Maces & Flails | 1 2 |  2.9
Polearms       | 1 2 |  2.9
Staves         | 1 2 |  2.9
Slings         | 1 2 |  2.9
Bows           | 1 2 |  2.9
Throwing       | 1 2 |  2.9
Armour         | 1 2 |  2.9
Stealth        | 1 2 |  2.9
Unarmed Combat | 1 2 |  2.9
Spellcasting   | 1 2 |  2.9
Conjurations   | 1 2 |  2.3
Hexes          | 1 2 |  2.3
Summonings     | 1 2 |  2.3
Necromancy     | 1 2 |  2.3
Translocations | 1 2 |  2.3
Transmutations | 1 2 |  2.3
Fire Magic     | 1 2 |  2.3
Ice Magic      | 1 2 |  2.3
Air Magic      | 1 2 |  2.3
Earth Magic    | 1 2 |  2.3
Poison Magic   | 1 2 |  2.3
Fighting       | 3 |  3.9
Shields        | 3 |  3.9
Crossbows      | 5 |  5.4
Dodging        | 7 |  7.2
Evocations     | 7 |  7.2

Action                   |  1- 3 |  4- 6 |  7- 9 || total
-------------------------+-------+-------+-------++-------
Melee: Rapier            |    36 |     4 |       ||    40
       Bite              |     2 |       |     1 ||     3
       Dagger            |       |    47 |    26 ||    73
 Fire: Hand crossbow     |    41 |    42 |       ||    83
Invok: Curse Item        |       |     2 |       ||     2
  Use: Scroll            |       |     8 |       ||     8
       Potion            |       |     2 |     1 ||     3
 Stab: Sleeping          |       |     1 |       ||     1
Armor: Leather armour    |    21 |    29 |    10 ||    60
Dodge: Dodged            |    41 |    71 |    21 ||   133
Block: Buckler           |    12 |    26 |     5 ||    43

Table legend: (Time is in decaauts)
 A = Elapsed time spent in this place.
 B = Non-inter-level travel time spent in this place.
 C = Inter-level travel time spent in this place.
 D = Time resting spent in this place.
 E = Time spent auto-exploring this place.
 F = Levels seen in this place.
 G = Mean time per level.
                   A        B        C        D        E       F      G
               +--------+--------+--------+--------+--------+-----+--------+
         Total |   3306 |   2946 |    360 |      0 |   2387 |   4 |  826.5 |
       Dungeon |   3306 |   2946 |    360 |      0 |   2387 |   4 |  826.5 |
               +--------+--------+--------+--------+--------+-----+--------+

Top non-repeatable levels by time:
     D:1: 1150 daAuts
     D:2: 1020 daAuts
     D:3: 951 daAuts
     D:4: 183 daAuts
